 Dungeon Crawl Stone Soup version 0.31.0-12-g77e489cdc1 (webtiles) character file.

Game seed: 3412688109960275736

55 booth the Changeling (level 3, -3/29 HPs)
             Began as a Draconian Shapeshifter on Feb 19, 2024.
             Slain by Grinder (5 damage)
             ... on level 3 of the Dungeon.
             The game lasted 00:10:47 (2017 turns).

booth the Changeling (Draconian Shapeshifter)       Turns: 2017, Time: 00:10:47

Health: -3/29      AC:  5    Str: 18    XL:     3   Next: 67%
Magic:  3/3        EV: 12    Int: 10    God:
Gold:   101        SH:  0    Dex: 10    Spells: 2/2 levels left

rFire   . .          .
                       - Unarmed
rCold   . . .        (no shield)
rNeg    . . .        (body armour unavailable)
rPois   .            (helmet currently unavailable)
rElec   .            (cloak currently unavailable)
rCorr   .            (gloves currently unavailable)
SInv    .            (boots currently unavailable)
Will    .....        (no amulet)
Stlth   +            (no ring)
HPRegen 0.24/turn    (no ring)
MPRegen 0.08/turn

%: no passive effects
@: mighty, beast-form
A: beast (slay +2), AC +5, unfitting armour, cold-blooded
a: Begin Untransformation


You were on level 3 of the Dungeon.
You were a hulking beast.
You visited 1 branch of the dungeon, and saw 3 of its levels.

You collected 101 gold pieces.

Inventory:

Hand Weapons
 f - a +1 whip
Missiles
 i - 3 boomerangs (quivered)
Armour
 m - a +0 pair of gloves
Jewellery
 h - a ring of ice
 k - an amulet of guardian spirit
Talismans
 b - a beast talisman
 c - a flux talisman
Scrolls
 j - a scroll of silence {unknown}
 l - 2 scrolls of teleportation
 o - 2 scrolls of identify
 p - a scroll of poison {unknown}
 r - a scroll of amnesia {unknown}
Potions
 a - 2 potions of lignification
 e - 2 potions of brilliance
 g - a potion of mutation {unknown}
 n - a potion of degeneration {unknown}


   Skills:
 + Level 2.1 Fighting
 - Level 1.9 Dodging
 + Level 3.4 Unarmed Combat
 * Level 3.7 Shapeshifting


You had 2 spell levels left.
You didn't know any spells.
Your spell library contained the following spells:

 Spells                   Type           Power      Damage    Failure   Level
 Olgreb's Toxic Radiance  Alch           0%         N/A       98%         4
 Ozocubu's Refrigeration  Ice            0%         4d7       100%        7
 Discord                  Hex            0%         N/A       100%        8


Dungeon Overview and Level Annotations

Branches:
Dungeon (3/15)

Altars:

Shops:
D:2 [

Annotations:
D:3 Grinder


Innate Abilities, Weirdness & Mutations

You are a hulking beast.
Your limbs bulge with bestial killing power. (Slay +2)
Your plain brown scales are hard. (AC +5)
You cannot fit into any form of body armour.
You are cold-blooded and may be slowed by cold attacks.


Message History

o - 2 scrolls of identify (gained 1)
You punch the adder!
The adder is severely wounded.
The adder bites you but does no damage.
You closely miss the adder. You tail-slap the adder.
You kill the adder!
You see here an adder corpse.
Grinder comes into view.
She is carrying a wand of flame.
Grinder shouts!
Grinder zaps a wand.
The puff of flame hits you.
A kobold comes into view. It is wielding a +0 dagger.
Grinder gestures at you. You resist with significant effort.
The kobold shouts!
Grinder gestures at you. Pain shoots through your body!
Grinder barely misses you.
You hit Grinder.
Grinder is lightly wounded.
Grinder hits you but does no damage.
You closely miss Grinder.
Grinder is lightly wounded.
Grinder hits you but does no damage.
You closely miss Grinder.
Grinder is lightly wounded.
Grinder barely misses you.
You hit Grinder.
Grinder is lightly wounded.
Grinder gestures at you. Pain shoots through your body!
* * * LOW HITPOINT WARNING * * *
You feel very mighty all of a sudden. The kobold hits you but does no damage.
Grinder completely misses you.
You closely miss Grinder.
Grinder is lightly wounded.
The kobold misses you. Grinder hits you.
* * * LOW HITPOINT WARNING * * *
You writhe in agony.
You die...
Grinder sighs, "Dead already?
I want a refund."

#......# #..#
#..##.## #..#
#..##.# #..#
#..##.# #..#
#..##.# #..#
#†.##.# #..#
......### #..#
........#######K5#
.######.........h#
.# #.########.# .#
#.# #... .# #.#
#..## .# #.# #..#
.# #.# #..# .# #.#
#..# .# ... ...#


You could see Grinder and a kobold.

Vanquished Creatures
  2 adders
  3 bats
  3 endoplasms
  A giant cockroach (D:1)
  4 goblins
  2 hobgoblins
  3 jackals (D:1)
  4 kobolds
  3 quokkas
  8 frilled lizards
  2 rats (D:2)
35 creatures vanquished.

Notes
Turn   | Place    | Note
-------+----------+-------------------------------------------
     0 | D:1      | booth the Draconian Shapeshifter began the quest for the
                  | Orb.
     0 | D:1      | Reached XP level 1. HP: 16/16 MP: 1/1
   301 | D:1      | Reached XP level 2. HP: 23/23 MP: 2/2
  1151 | D:2      | Reached XP level 3. HP: 25/29 MP: 3/3
  1387 | D:2      | Found Kachiguk's Armour Boutique.
  2001 | D:3      | Noticed Grinder
  2017 | D:3      | Slain by Grinder

Illustrated notes

Levels and vault maps discovered:
D:1:      scummos_arrival_simple_fountains, layout_basic, grunt_decor_arrowhead,
          minmay_bisected
D:2:      layout_basic, serial_shops, shop, chequers_avenue
D:3:      layout_loops_ring, beargit_hepliaklqana_dungeon_heroes, uniq_grinder

Skill      XL: |  1  2  3 |
---------------+----------+-----
Fighting       | 2 |  2.1
Dodging        | |  1.9
Unarmed Combat | |  3.4
Shapeshifting  | |  3.7

Action                     || total
---------------------------++-------
  Melee: Unarmed           ||   103
         Tailslap          ||     4
         Punch             ||     1
    Use: Scroll            ||     7
         Potion            ||     2
 Armour: Skin              ||    44
  Dodge: Dodged            ||    54
